 Dungeon Sprint DCSS version 0.29.1-1-gd02db6906a (webtiles) character file.

Game seed: 17994629617080821297

562 GigaChad the Protected (level 7, -7/71 HPs)
             Began as a Minotaur Fighter on Sept 19, 2022.
             Mangled by an ice devil (13 damage)
             ... summoned by a kobold demonologist
             ... in the Dungeon (Sprint I: "Red Sonja").
             The game lasted 00:00:51 (1106 turns).

GigaChad the Protected (Minotaur Fighter)           Turns: 1106, Time: 00:00:51

Health: -7/71      AC:  8    Str: 22    XL:     7   Next: 10%
Magic:  6/6        EV: 10    Int:  5    God:
Gold:   284        SH:  6    Dex: 10    Spells: 6/6 levels left

rFire   . . .      SeeInvis .   a - +0 long sword
rCold   . . .      Faith    .   c - +0 buckler
rNeg    . . .      Spirit   .   b - +0 scale mail
rPois   .          Reflect  .   (helmet restricted)
rElec   .          Harm     .   (no cloak)
rCorr   .          Rampage  .   (no gloves)
Will    .....      NoTele   +   (no boots)
Stlth   ..........              (no amulet)
HPRegen 0.21/turn               (no ring)
MPRegen 0.10/turn               (no ring)

@: no status effects
A: horns 2, retaliatory headbutt
a: no special abilities


You were in the Dungeon.
You visited 1 branch You collected 284 gold pieces.

Inventory:

Hand Weapons
 a - a +0 long sword (weapon)
Armour
 b - a +0 scale mail (worn)
 c - a +0 buckler (worn)
Wands
 k - a wand of charming (6)
Scrolls
 j - a scroll of blinking
Potions
 d - a potion of might
 e - a potion of curing
 f - a potion of heal wounds
 g - a potion of haste
 h - 2 potions of magic
 i - a potion of berserk rage
 l - a potion of mutation {unknown}


   Skills:
 + Level 9.7 Fighting
 + Level 8.5 Long Blades
 + Level 10.9 Armour
 + Level 2.5 Dodging
 + Level 0.1 Stealth
 + Level 9.4 Shields


You had 6 spell levels left.
You didn't know any spells.
Your spell library was empty.

Dungeon Overview and Level Annotations

Branches:
Dungeon (1/1)

Altars:
Makhleb
Sif Muna
Vehumet
Wu Jian
Xom
Jiyva
Lugonu


Innate Abilities, Weirdness & Mutations

You have a pair of horns on your head.
You reflexively headbutt those who attack you in melee.


Message History

The ufetubus disappears in a puff of smoke!
The orange demon stings you from afar!
The kobold demonologist hits you but does no damage. x2
You barely miss the kobold demonologist.
The kobold demonologist is lightly wounded.
You block the kobold demonologist's attack.
The orange demon stings you from afar!
The kobold demonologist gestures wildly while chanting.
You completely miss the kobold demonologist.
You headbutt the kobold demonologist!
The kobold demonologist is moderately wounded.
You block the kobold demonologist's attack.
The orange demon stings you from afar.
The kobold demonologist hits you but does no damage.
The neqoxec gestures at you.
Something tries to feed on your intellect!
You hit the kobold demonologist.
The kobold demonologist is moderately wounded.
You block the kobold demonologist's attack.
You block the orange demon's attack.
The kobold demonologist gestures wildly while chanting.
You closely miss the kobold demonologist.
You headbutt the kobold demonologist!
The kobold demonologist is heavily wounded.
The kobold demonologist hits you but does no damage.
The orange demon stings you from afar!
The kobold demonologist hits you with a +0 dagger.
The ice devil hits you. The ice devil freezes you!!
The neqoxec gestures at you.
Something tries to feed on your intellect!
You hit the ice devil. You headbutt the ice devil!
The ice devil is moderately wounded.
The kobold demonologist begins to cast a cantrip, but forgets the words!
The orange demon stings you from afar!
* * * LOW HITPOINT WARNING * * *
The kobold demonologist hits you but does no damage.
The ice devil hits you!
* * * LOW HITPOINT WARNING * * *
The ice devil freezes you!
You die...

#####################
.').#..'..#__#.4@K53#
.#..').#..'..'..#K4.#
###'#####'#__####5..+
#..# #.#### #### ####
#)# _.+ .._# _.#+#
##+


You could see an orange demon (summoned), an ice devil (summoned), 2 kobold
demonologists, a neqoxec (summoned), a quasit (summoned) and an ufetubus
(summoned).

Vanquished Creatures
  A slime creature (D)
  Sigmund (D)
  A floating eye (D)
  An ogre (D)
  A jelly (D)
  Ijyb (D)
6 creatures vanquished.

Notes
Turn   | Place    | Note
-------+----------+-------------------------------------------
     0 | D        | GigaChad the Minotaur Fighter began the quest for the Orb.
     0 | D        | Reached XP level 1. HP: 19/19 MP: 0/0
     2 | D        | Noticed Ijyb
    13 | D        | Killed Ijyb
    14 | D        | Reached skill level 5 in Fighting
    14 | D        | Reached skill level 5 in Armour
    14 | D        | Reached skill level 5 in Shields
    14 | D        | Reached XP level 2. HP: 19/29 MP: 1/1
   320 | D        | Noticed an ogre
   327 | D        | Killed an ogre
   328 | D        | Reached skill level 7 in Armour
   328 | D        | Reached skill level 1 in Dodging
   328 | D        | Reached XP level 3. HP: 5/38 MP: 2/2
   328 | D        | Reached XP level 4. HP: 6/45 MP: 3/3
   587 | D        | Noticed Sigmund
   591 | D        | Killed Sigmund
   592 | D        | Reached skill level 9 in Armour
   592 | D        | Reached XP level 5. HP: 37/56 MP: 4/4
   716 | D        | Found an ornate altar of the Wu Jian Council.
   716 | D        | Found a shimmering blue altar of Sif Muna.
   717 | D        | Found a burning altar of Makhleb.
   717 | D        | Found a viscous altar of Jiyva.
   717 | D        | Found a shimmering altar of Xom.
   717 | D        | Found a corrupted altar of Lugonu.
   717 | D        | Noticed a slime creature
   729 | D        | Killed a slime creature
   730 | D        | Reached skill level 10 in Armour
   730 | D        | Reached XP level 6. HP: 16/64 MP: 5/5
  1077 | D        | Found a radiant altar of Vehumet.
  1095 | D        | Noticed a kobold demonologist
  1095 | D        | Noticed a floating eye
  1095 | D        | Noticed a kobold demonologist
  1097 | D        | Paralysed by a floating eye for 2 turns
  1099 | D        | Killed a floating eye
  1100 | D        | Reached XP level 7. HP: 71/71 MP: 6/6
  1101 | D        | Noticed an orange demon
  1103 | D        | Noticed a neqoxec
  1105 | D        | Noticed an ice devil
  1106 | D        | Mangled by an ice devil

Illustrated notes

Levels and vault maps discovered:
D:        dungeon_sprint_1 [red_sonja_temple_1, red_sonja_temple_small_1]

Skill      XL: |  1  2  3  4  5  6 |
---------------+-------------------+-----
Fighting       | 5 6 8 9 |  9.7
Long Blades    | 3 4 6 7 8 |  8.5
Armour         | 5 7 9 10 | 10.9
Shields        | 5 6 7 9 |  9.4
Dodging        | 1 2 |  2.5
Stealth        | |  0.1

Action                   |  1- 3 |  4- 6 |  7- 9 || total
-------------------------+-------+-------+-------++-------
Melee: Long sword        |    16 |    17 |     7 ||    40
       Headbutt          |     3 |     5 |     3 ||    11
Armor: Scale mail        |     4 |     6 |     6 ||    16
Dodge: Dodged            |     5 |     9 |     2 ||    16
Block: Buckler           |     3 |     4 |     4 ||    11
